Tomo Gozen, lawful female human Samurai ---- --- ------ |..----(-- --- --.|..| ----...--...| ---.----|.....-- -#...........| |......---.....| ---|...........#- -----.......--....-| #--..|-..........-# -#- --...<..^.).........| ---....--...........----.---- |.....^.|...)......-- --...........................-- --....----.--.---..- |.............................| --..--- ------ --..| --..........---.---...........| |..-- --- --.........-| --- |..........-| --..| ---- ---...........-----##-.......d@.| -- |^..| --..| |...---...................--.@|.-----.-- -.|.| |...------ |..----..........#-##....-|---|...|....| ..|.| --...--..| |..||.............#|......| --......-- ...-|.--- |.......| -----.......--.|.----.....--- |.......| -.. |...| ---..-.-- |..........|----- ---.....| |.......- --- ---.-- --...| |..--..--..| --....| ---..|.... |..------.--- |.---------- ------ ---........ |.........| -- -.--..--- ----------- -- --- Tomo Gozen the Kunoichi Experience level: 7 Strength: 18 Dexterity: 16 Constitution: 18 Intelligence: 8 Wisdom: 7 Charisma: 8 Health: 0(69) Energy: 11(11) Def: 8 Gold: 1858 Moves: 3529 Dungeon seed: GWxJeP7STuWWM8pM Game ID: Tomo Gozen_1591345132 Your Inventory: Coins $ - 1858 gold pieces Weapons a - an uncursed +0 katana (weapon in hand) c - an uncursed +0 yumi (alternate weapon; not wielded) d - 34 uncursed +0 ya (in quiver) g - 9 uncursed +0 shuriken v - 14 uncursed poisoned +0 orcish arrows I - 8 blessed poisoned +0 orcish arrows R - 4 uncursed +0 daggers Armor n - an uncursed +1 mummy wrapping o - an uncursed rustproof +0 splint mail (being worn) q - an uncursed rusty +0 orcish helm (being worn) r - an uncursed +0 cloak of displacement (being worn) y - an uncursed +0 pair of jumping boots (being worn) Comestibles m - an uncursed fortune cookie A - an uncursed clove of garlic C - 2 cursed gunyoki L - an uncursed male lizard corpse Rings D - a cursed ring of sustain ability H - an uncursed +2 ring of gain constitution Q - an uncursed ring of protection from shape changers Tools e - an uncursed skeleton key f - an uncursed oil lamp (0:1155) w - an uncursed bag of holding x - an uncursed towel B - an uncursed oil lamp (0:1478) E - 4 uncursed wax candles (0:400) F - an uncursed magic marker (0:82) G - a cursed wax candle (0:400) J - an uncursed +0 pick-axe K - a cursed towel S - 11 uncursed tallow candles (0:200) T - an uncursed blindfold V - a cursed sack Gems z - an uncursed touchstone Contents of the bag of holding: an uncursed scroll of confuse monster a blessed scroll of destroy armor an uncursed scroll of enchant armor an uncursed scroll of enchant weapon 3 uncursed scrolls of identify a cursed scroll of identify a blessed scroll of light a cursed scroll of light a cursed scroll of remove curse an uncursed scroll of scare monster 2 uncursed scrolls of teleportation an uncursed potion of blindness an uncursed potion of invisibility an uncursed potion of levitation an uncursed potion of object detection an uncursed potion of oil a cursed potion of restore ability an uncursed potion of sake a cursed potion of sleeping Spells and supernatural/magical abilities: Name Level Category Cost Memory W - pray for help -- divine ? -- Y - supernatural jump -- ability ? -- Your skills at the end: Fighting Skills martial arts [Basic] wands [Basic] Weapon Skills short sword [Basic] long sword [Basic] bow [Basic] Spellcasting Skills Final Attributes: You were piously aligned. You were displaced. You could jump. You were slow. You were lucky. You last prayed 11 turns ago. Amaterasu Omikami was noncommittal. You are dead. Vanquished creatures: a ghost a small mimic a large cat a leprechaun 3 gnome kings a lizard a dingo a gnome mummy an ape a rope golem 4 Uruk-hai an orc shaman 3 rock moles a fog cloud a yellow light a shrieker a gnome lord a ghoul 2 giant ants a floating eye a kitten a dwarf a rothe a rabid rat a giant bat 4 dwarf zombies a werejackal 2 iguanas 11 killer bees an acid blob 2 coyotes a gas spore a large kobold a hobgoblin 2 cave spiders 2 brown molds 2 yellow molds 8 gnomes a gnome zombie 2 geckos 6 jackals 2 foxes a kobold a goblin 5 grid bugs 4 bats 4 lichens a kobold zombie a newt 99 creatures vanquished. Voluntary challenges: You used a wielded weapon 162 times, starting on turn 228. You read items or engraved 2 times, starting on turn 2361. You never genocided any monsters. You never polymorphed an object. You never changed form. You used no wishes. You never split a pudding. You never wrote Elbereth's name. You never violated your personal moral code. Dungeon overview: The Dungeons of Doom: levels 1 to 7 Level 1 a fountain a long staircase Level 2 a weapon shop Level 3 a fountain, a vault Level 4 stairs to The Gnomish Mines Level 5 some altars to Amaterasu Omikami Level 6 some fountains Level 7 a general store The Gnomish Mines: levels 5 to 6 Level 5 stairs to The Dungeons of Doom Level 6 <- You were here History has recorded: On T:1 you entered the Dungeons of Doom to retrieve the Amulet of Yendor! On T:260 you reached level 2 of The Dungeons of Doom. On T:726 you reached level 3 of The Dungeons of Doom. On T:755 you advanced to experience level 2. On T:1230 you reached level 4 of The Dungeons of Doom. On T:1240 you advanced to experience level 3. On T:1394 you reached level 1 of The Gnomish Mines. On T:1431 you reached level 5 of The Dungeons of Doom. On T:1440 you advanced to experience level 4. On T:1664 you advanced to experience level 5. On T:1773 you reached level 6 of The Dungeons of Doom. On T:2157 you advanced to experience level 6. On T:2276 you reached level 7 of The Dungeons of Doom. On T:2513 you advanced to experience level 7. On T:3298 you reached level 2 of The Gnomish Mines. Score breakdown: Gold: 1858 (11120 points) Experience: 7 levels (13645 points) Exploration: 7 levels ( 14.00%) (10497 points) Discoveries: 15 items ( 6.00%) ( 7348 points) Valuables value: (no points given unless you survive) Artifact value: 0 ( 0 points) Variety of kills: 49 monsters ( 12.89%) (10772 points) Turncount: 3529 turns ( -839 points) Survival: died (score multiplied by 80%) Total score: 42034 Latest messages: Wizra swings her quarterstaff at you. Wizra hits! Wizra swings her quarterstaff at you. Wizra hits! [2 turns] You hit Wizra! Wizra swings her quarterstaff at you. Wizra hits! Yermak bites the acid blob. The acid blob is killed! Yermak is splashed by the acid blob's acid! Wizra casts a spell! Wizra looks better. Wizra swings her quarterstaff at you. Wizra misses. [2 turns] You hit Wizra. Wizra casts a spell! The magic missile hits you! You die... The sack is empty. The sack is empty. Final status: Sayonara Tomo Gozen the Samurai, killed by a magic missile... You died in The Gnomish Mines on dungeon level 6 with 42034 points, and 1858 pieces of gold, after 3529 moves. You were level 7 with a maximum of 69 hit points when you died.